 Dungeon Crawl Stone Soup version 0.28.0-53-g5a82cb258f (webtiles) character file.

Game seed: 5717135606122146749

16589 Zeld the Ogre Mage (level 12, -4/127 HPs)
             Began as an Ogre Fire Elementalist on May 26, 2022.
             Was an Initiate of Gozag.
             Slain by a five-headed hydra (6 damage)
             ... on level 10 of the Dungeon.
             The game lasted 00:19:42 (22634 turns).

Zeld the Ogre Mage (Ogre Fire Elementalist)        Turns: 22634, Time: 00:19:43

Health: -4/127     AC:  4    Str: 15    XL:     12   Next: 39%
Magic:  2/28       EV:  9    Int: 23    God:    Gozag
Gold:   960        SH:  0    Dex:  9    Spells: 16/36 levels left

rFire   + . .      SeeInvis .   a - +5 war axe (venom)
rCold   x . .      Faith    .   (no shield)
rNeg    + . .      Spirit   .   D - +0 robe
rPois   +          Reflect  .   (helmet restricted)
rElec   .          Harm     .   t - +0 cloak
rCorr   .          Rampage  .   (gloves unavailable)
Will    +....                   (boots unavailable)
Stlth   +.........              (no amulet)
HPRegen 0.31/turn               w - ring of Locwargh {Wiz Int+3}
MPRegen 0.21/turn               z - ring "Pijash" {Fire rPois rN+}

@: gold aura
A: large, unfitting armour, tough skin 1
a: Renounce Religion, Potion Petition, Call Merchant, Bribe Branch


You were on level 10 of the Dungeon.
You worshipped Gozag.
Gozag was pleased with you.
You visited 3 branches of the dungeon, and saw 13 of its levels.

You collected 1617 gold pieces.
You spent 120 gold pieces at shops.
You paid 537 gold pieces to Gozag.

Inventory:

Hand Weapons
 a - a +5 war axe of venom (weapon)
Armour
 t - a +0 cloak (worn)
 D - a +0 robe (worn)
Jewellery
 r - a ring of resist corrosion
 w - the ring of Locwargh (left hand) {Wiz Int+3}
   (You took it off a kobold demonologist on level 7 of the Dungeon)

   [ring of wizardry]

   It improves your spell success rate.
   Int:       It affects your intelligence (+3).
 z - the ring "Pijash" (right hand) {Fire rPois rN+}
   (You found it on level 7 of the Dungeon)

   [ring of fire]

   It enhances your fire magic.
   rF:        It protects you from fire.
   rC:        It makes you vulnerable to cold.
   rPois:     It protects you from poison.
   rN:        It protects you from negative energy.
Wands
 b - a wand of iceblast (10)
 l - a wand of paralysis (12)
 s - a wand of charming (7)
 A - a wand of polymorph (5)
Scrolls
 e - 3 scrolls of enchant armour
 j - a scroll of silence
 m - a scroll of fog {unknown}
 n - 4 scrolls of amnesia
 p - a scroll of holy word
 x - 5 scrolls of teleportation
Potions
 c - 2 potions of flight {unknown}
 d - 4 potions of curing {unknown}
 f - 2 potions of heal wounds {unknown}
 g - 7 potions of brilliance
 h - 2 potions of mutation {unknown}
 i - 2 potions of berserk rage {unknown}
 k - 6 potions of might {unknown}
 q - 2 potions of haste {unknown}
 u - a potion of ambrosia {unknown}


   Skills:
 + Level 10.5 Fighting
 - Level 1.7 Dodging
 - Level 1.4 Stealth
 * Level 12.8 Spellcasting
 + Level 7.5 Conjurations
 * Level 11.1 Fire Magic


You had 16 spell levels left.
You knew the following spells:

 Your Spells              Type           Power      Damage    Failure   Level
a - Foxfire               Conj/Fire      100%       2x1d9     1%          1
b - Scorch                Fire           100%       2d10      1%          2
c - Inner Flame           Hex/Fire       57%        N/A       1%          3
d - Flame Wave            Conj/Fire      72%        2d13      1%          4
e - Starburst             Conj/Fire      36%        6d11      6%          6
f - Iskenderun's Mystic   Conj/Tloc      32%        2d8       3%          4

Your spell library contained the following spells:

 Spells                   Type           Power      Damage    Failure   Level
 Conjure Flame            Conj/Fire      72%        6-21      1%          3
 Dazzling Flash           Conj/Hex       64%        N/A       1%          3


Dungeon Overview and Level Annotations

Branches:
Dungeon (11/15)            Temple (1/1) D:6            Lair (1/6) D:10
    Orc (0/2) D:9

Altars:
Ashenzari
Cheibriados
Dithmenos
Elyvilon
Fedhas
Gozag
Hepliaklqana
Kikubaaqudgha
Makhleb
Nemelex Xobeh
Okawaru
Qazlal
Ru
Sif Muna
Trog
Uskayaw
Vehumet
Wu Jian
Xom
Yredelemnul
Zin
The Shining One
Beogh

Shops:
D:6 *   D:10 :

Annotations:
D:7 3 runed translucent doors
D:8 3 runed translucent doors, Zeld's ghost, novice DECj


Innate Abilities, Weirdness & Mutations

You are too large for most types of armour.
You have tough skin. (AC +1)


Message History

* * * LOW HITPOINT WARNING * * *
The five-headed hydra bites you but does no damage.
The blink frog blinks!
The komodo dragon is distracted by your dazzling golden aura.
The komodo dragon hisses angrily.
You climb upwards.
Welcome back to the Dungeon!
There is a staircase to the Lair, spattered with blood here.
Unknown command.
Unknown command.
Casting: Iskenderun's Mystic Blast (mildly dangerous; 3% risk of failure)
Confirm with . or Enter, or press ? or * to list all spells.
You erupt in a blast of force!
The mystic blast hits the fungus!
The fungus begins to die.
The fungus is lightly damaged.
The mystic blast hits the five-headed hydra!
The five-headed hydra is almost dead.
The five-headed hydra is knocked back by the mystic blast.
The mystic blast hits the komodo dragon!
The komodo dragon is almost dead.
The komodo dragon is no longer distracted by gold.
The komodo dragon is knocked back by the mystic blast.
Unknown command.
Unknown command.
Unknown command.
The komodo dragon bites you!!
* * * LOW HITPOINT WARNING * * *
Casting: Iskenderun's Mystic Blast (mildly dangerous; 3% risk of failure)
Confirm with . or Enter, or press ? or * to list all spells.
You erupt in a blast of force!
The mystic blast hits the fungus.
The fungus is lightly damaged.
The mystic blast hits the five-headed hydra!
The five-headed hydra is almost dead.
The mystic blast hits the komodo dragon.
The komodo dragon is almost dead.
The komodo dragon is knocked back by the mystic blast.
The five-headed hydra misses you. The five-headed hydra bites you.
* * * LOW HITPOINT WARNING * * *
The five-headed hydra bites you.
You die...
Your body crumbles into a pile of gold.

######.#..>#...##.#.......#####.'
.....+.#.###...####.......# ###
######...##.....###.......# #
###'#....P..#######.## #
#.#.......## #..# # #..........#
#####.### ##.....l...###...#...#
###.....>.....##.#.#.#.#
###.........D@.......#.#.### #
####.'[...........###.###.#...###
.....#...#....P..## #.#...#.#...#
.#####...#.......# #.#####.###.'
## #<..##.....## #.......# ###
#######...## ####.##### # #.#..##
#.R..# # #...## #.#### # ###.#
#.#


You could see a five-headed hydra and a komodo dragon.

Vanquished Creatures
  Erica (D:8)
  A centaur warrior (D:10)
  2 two-headed ogres
  A necromancer (D:10)
  2 lindwurms (D:8)
  2 deep elf pyromancers
  An orc knight (D:10)
  2 black mambas (Lair:1)
  A cane toad (Lair:1)
  A kobold demonologist (D:7)
  A komodo dragon (D:7)
  3 trolls
  A hornet (D:9)
  7 blink frogs (Lair:1)
  A slime creature (D:6)
  2 vampires (D:11)
  A shadow (D:7)
  3 wyverns
  5 yaks
  A basilisk (D:10)
  2 steam dragons
  An acid dragon (D:11)
  4 water moccasins
  Duvessa (D:7)
  A sky beast (D:7)
  7 orc warriors
  2 black bears
  8 wolves (Lair:1)
  2 ogres (D:4)
  A centaur (D:8)
  A phantom (D:5)
  A kobold brigand (D:8)
  2 gnoll sergeants
  3 bullfrogs
  A scorpion (D:5)
  A water moccasin skeleton (D:5)
  Dowan (D:7)
  6 killer bees
  5 wights (D:8)
  2 howler monkeys (D:8)
  7 centaur zombies
  2 hounds
  2 jellies
  8 orc priests
  2 bullfrog skeletons
  A centaur skeleton (D:4)
  An iguana (D:6)
  6 orc wizards
  Natasha (thrice) (D:2)
  3 polar bear simulacra (D:10)
  3 wolf simulacra (D:10)
  2 killer bee zombies
  A howler monkey zombie (D:6)
  Robin (D:4)
  16 gnolls
  3 adders
  A shadow imp (D:3)
  A white imp (D:3)
  2 ufetubi (D:5)
  An adder skeleton (D:3)
  A worm (D:2)
  5 dart slugs
  37 orcs
  8 bats
  3 endoplasms
  A giant cockroach (D:3)
  16 goblins
  10 hobgoblins
  4 jackals (D:2)
  2 quokkas
  4 ball pythons
  4 frilled lizards
  A kobold (D:3)
  A quokka skeleton (D:4)
  4 rats
  5 river rat simulacra (D:10)
263 creatures vanquished.

Vanquished Creatures (others)
  83 foxfires
  8 fungi
  16 plants
107 creatures vanquished.

Grand Total: 370 creatures vanquished

Notes
Turn   | Place    | Note
-------+----------+-------------------------------------------
     0 | D:1      | Zeld the Ogre Fire Elementalist began the quest for the
                  | Orb.
     0 | D:1      | Reached XP level 1. HP: 16/16 MP: 3/3
    31 | D:1      | Reached skill level 1 in Conjurations
   216 | D:1      | Found a faded altar of an unknown god.
   301 | D:1      | Reached XP level 2. HP: 26/26 MP: 2/5
   304 | D:1      | Learned a level 2 spell: Scorch
  1113 | D:2      | Noticed Natasha
  1116 | D:2      | Noticed a crimson imp
  1530 | D:2      | Reached skill level 1 in Fighting
  1530 | D:2      | Reached skill level 3 in Spellcasting
  1590 | D:2      | Reached XP level 3. HP: 32/33 MP: 2/7
  1595 | D:2      | Learned a level 3 spell: Inner Flame
  2089 | D:2      | Killed Natasha
  2090 | D:2      | Reached XP level 4. HP: 41/41 MP: 3/9
  2234 | D:2      | Found a shimmering altar of Xom.
  2821 | D:2      | Noticed Natasha
  2828 | D:2      | Killed Natasha
  3149 | D:2      | Noticed Natasha
  3158 | D:2      | Killed Natasha
  3275 | D:2      | Found a shimmering altar of Xom.
  3498 | D:3      | Reached XP level 5. HP: 49/49 MP: 7/10
  3503 | D:3      | Learned a level 4 spell: Flame Wave
  3864 | D:3      | Reached skill level 4 in Spellcasting
  5154 | D:3      | Reached XP level 6. HP: 49/59 MP: 7/12
  5471 | D:4      | Identified the +0 robe "Pextiox" {rElec rC- rCorr Stlth+}
  5528 | D:4      | Noticed a black bear
  5545 | D:4      | Killed a black bear
  5668 | D:4      | Noticed Robin
  5975 | D:4      | Reached skill level 5 in Spellcasting
  5975 | D:4      | Reached XP level 7. HP: 21/67 MP: 7/14
  6244 | D:4      | Killed Robin
  7163 | D:4      | Reached skill level 5 in Fire Magic
  7307 | D:4      | Found an ornate altar of the Wu Jian Council.
  7363 | D:5      | Entered Level 5 of the Dungeon
  7804 | D:5      | Reached skill level 6 in Spellcasting
  7804 | D:5      | Reached XP level 8. HP: 70/78 MP: 7/17
  8254 | D:6      | Found Guixkaf's Gadget Gallery.
  8302 | D:6      | Bought a wand of iceblast (4) for 120 gold pieces
  8332 | D:6      | Found a staircase to the Ecumenical Temple.
  8372 | Temple   | Entered the Ecumenical Temple
  8589 | Temple   | Became a worshipper of Gozag Ym Sagoz the Greedy
  9592 | D:7      | Reached skill level 5 in Fighting
  9786 | D:7      | Reached skill level 7 in Spellcasting
 10368 | D:7      | Found a runed translucent door.
 10391 | D:7      | Noticed Dowan
 10393 | D:7      | Noticed a green ugly thing
 10394 | D:7      | Noticed a cyclops
 10394 | D:7      | Noticed an eight-headed hydra
 10395 | D:7      | Found a runed translucent door.
 10395 | D:7      | Found a runed translucent door.
 10501 | D:7      | Noticed Duvessa
 10587 | D:7      | Noticed a shadow
 10598 | D:7      | Killed a shadow
 10599 | D:7      | Reached XP level 9. HP: 67/89 MP: 10/20
 10714 | D:7      | Noticed a deep elf pyromancer
 10720 | D:7      | Killed a deep elf pyromancer
 10720 | D:7      | Identified the ring of Locwargh {Wiz Int+3}
 10720 | D:7      | Noticed a kobold demonologist
 10721 | D:7      | Reached skill level 8 in Spellcasting
 10725 | D:7      | Noticed a gargoyle
 11002 | D:7      | Killed a kobold demonologist
 11278 | D:7      | Noticed a komodo dragon
 11283 | D:7      | Killed a komodo dragon
 11353 | D:7      | Identified the ring "Lefiaq" {Fly rC+ Str-5 Dex+4}
 11356 | D:7      | Identified the ring "Pijash" {Fire rPois rN+}
 11363 | D:7      | Identified the ring of the King {rC+ Dex+6 Slay+2}
 11380 | D:7      | Learned a level 6 spell: Starburst
 11442 | D:7      | Killed Duvessa
 11449 | D:7      | Killed Dowan
 11450 | D:7      | Reached skill level 5 in Conjurations
 11545 | D:8      | Noticed a lindwurm
 11550 | D:8      | Noticed a lindwurm
 11630 | D:8      | Noticed a lindwurm
 11728 | D:8      | Reached skill level 9 in Spellcasting
 11740 | D:8      | Reached XP level 10. HP: 51/102 MP: 1/23
 12133 | D:8      | Noticed a deep elf pyromancer
 12141 | D:8      | Killed a deep elf pyromancer
 12349 | D:8      | Found a runed translucent gate.
 12349 | D:8      | Found a runed translucent gate.
 12350 | D:8      | Found a runed translucent gate.
 12350 | D:8      | Noticed Zeld's ghost (novice DECj)
 12537 | D:8      | Noticed Erica
 12548 | D:8      | Killed Erica
 12954 | D:8      | Noticed a two-headed ogre
 12962 | D:8      | Killed a two-headed ogre
 12963 | D:8      | Reached skill level 10 in Spellcasting
 13038 | D:8      | Noticed a lindwurm
 13044 | D:8      | Killed a lindwurm
 13050 | D:8      | Killed a lindwurm
 13672 | D:9      | Noticed a two-headed ogre
 13678 | D:9      | Killed a two-headed ogre
 13679 | D:9      | Reached XP level 11. HP: 60/113 MP: 16/25
 14897 | D:9      | Reached skill level 11 in Spellcasting
 15281 | D:9      | Found a staircase to the Orcish Mines.
 16434 | D:10     | Entered Level 10 of the Dungeon
 16434 | D:10     | Found a staircase to the Lair.
 16435 | D:10     | Noticed a centaur warrior
 16712 | D:10     | HP: 4/115 [basilisk (5)]
 18004 | D:10     | Noticed a necromancer
 18017 | D:10     | Killed a necromancer
 18259 | D:10     | Reached skill level 10 in Fire Magic
 18521 | D:10     | Killed a centaur warrior
 19853 | D:11     | Reached skill level 12 in Spellcasting
 20129 | D:11     | Noticed a cyclops
 20130 | D:11     | Noticed a deep troll earth mage
 20132 | D:11     | Noticed an orc knight
 20556 | D:10     | Killed an orc knight
 20573 | D:10     | Reached skill level 10 in Fighting
 20650 | Lair:1   | Entered Level 1 of the Lair of Beasts
 20654 | Lair:1   | Reached XP level 12. HP: 80/126 MP: 21/28
 21440 | Lair:1   | Noticed a five-headed hydra
 21864 | Lair:1   | HP: 3/127 [black mamba (17)]
 22369 | D:10     | Learned a level 4 spell: Iskenderun's Mystic Blast
 22633 | D:10     | HP: 6/127 [komodo dragon (21)]
 22634 | D:10     | HP: 2/127 [five-headed hydra (4)]
 22634 | D:10     | Slain by a five-headed hydra

Illustrated notes

Levels and vault maps discovered:
D:1:      dpeg_arrival_tiny_e, layout_loops_ring,
          hellmonk_ecumenical_altar_heavens_door
D:2:      layout_basic, basic_altar, uniq_natasha
D:3:      layout_loops_corners, minmay_goblin_kobold_house
D:4:      layout_rooms, pdpol_wu_jian_five_deadly_venoms,
          hangedman_decor_points, lightli_minifort, uniq_robin
D:5:      layout_gridville
D:6:      layout_loops_ring, minmay_temple_entry_ruins,
          hangedman_decor_slide_cut, nicolae_shop_gadgets
D:7:      minmay_the_grid_triangle_9x9_recursive_2
          [minmay_the_grid_triangle_9x9_prize_special,
          minmay_the_grid_triangle_9x9_empty,
          minmay_the_grid_triangle_9x9_minimal,
          minmay_the_grid_triangle_9x9_fully_insulated_deathbox],
          layout_loops_cross, kennysheep_crisscross, uniq_duvessa
D:8:      minmay_spotlight, layout_basic, ebering_ghost_rock_garden,
          minmay_misc_feat_room, minmay_lindwurm_lava, uniq_erica
D:9:      layout_cave_pools, minmay_orc_entry_temple_small
D:10:     layout_roguey [special_room_orc], david_lair_generic,
          eino_house_with_fridge
D:11:     nzn_winding_woodlands_stair_cross [nzn_winding_woodlands_5x15_garden,
          nzn_winding_woodlands_center_diamonds,
          nzn_winding_woodlands_5x15_pathside_ponds,
          nzn_winding_woodlands_5x5_default, nzn_winding_woodlands_5x5_cross,
          nzn_winding_woodlands_5x15_concentric,
          nzn_winding_woodlands_center_lodge,
          nzn_winding_woodlands_5x15_default], layout_basic,
          small_chamber_with_monster, uniq_harold
Temple:   mainiacjoe_temple_circle_huts
Lair:1:   layout_loops_ring, lemuel_fruit_tree, uniq_gastronok

Skill      XL: |  1  2  3  4  5  6  7  8  9 10 11 12 |
---------------+-------------------------------------+-----
Conjurations   | 1 2 3 4 5 6 7 |  7.5
Fire Magic     | 3 4 5 6 7 9 10 11 | 11.1
Fighting       | 1 2 3 4 5 7 8 10 | 10.5
Spellcasting   | 3 4 5 6 7 9 10 12 | 12.8
Dodging        | |  1.7
Stealth        | |  1.4

Action                   |  1- 3 |  4- 6 |  7- 9 | 10-12 || total
-------------------------+-------+-------+-------+-------++-------
Melee: Unarmed           |    42 |    44 |    37 |    13 ||   136
       Punch             |     1 |       |     1 |     1 ||     3
       War axe           |       |       |       |    72 ||    72
 Cast: Foxfire           |    28 |    10 |     5 |    14 ||    57
       Scorch            |    26 |    69 |   140 |   195 ||   430
       Inner Flame       |       |     2 |       |     8 ||    10
       Flame Wave        |       |       |     1 |    17 ||    18
       Iskenderun's Myst |       |       |       |    14 ||    14
Invok: Call Merchant     |       |       |       |     1 ||     1
Evoke: Wand              |       |       |       |    22 ||    22
  Use: Scroll            |       |       |       |    18 ||    18
       Potion            |       |       |       |     1 ||     1
 Stab: Sleeping          |     1 |       |       |       ||     1
Armor: Robe              |    23 |    32 |    33 |    73 ||   161
Dodge: Dodged            |    41 |    72 |    78 |   159 ||   350
